 Dungeon Crawl Stone Soup version 0.23.2-1-ga50397a6bc (webtiles) character file.

Game seed: 12869636529143244871

192 Andrea the Sneak (level 5, -3/24 HPs)
             Began as a Spriggan Enchanter on May 6, 2019.
             Killed by divine providence
             ... invoked by an orc priest
              (17 damage)
             ... on level 3 of the Dungeon.
             The game lasted 00:06:07 (2883 turns).

Andrea the Sneak (Spriggan Enchanter)               Turns: 2883, Time: 00:06:07

Health: -3/24      AC:  2    Str:  5    XL:     5   Next: 42%
Magic:  11/11      EV: 18    Int: 17    God:
Gold:   125        SH:  0    Dex: 16    Spells: 5/11 levels left

rFire    . . .     SeeInvis +   a - +1 dagger
rCold    . . .     Gourm    .   (shield restricted)
rNeg     . . .     Faith    .   b - +0 robe
rPois    .         Spirit   .   (helmet restricted)
rElec    .         Reflect  .   (no cloak)
rCorr    .         Harm     .   (gloves unavailable)
MR       .....                  (boots unavailable)
Stlth    +++.......             (no amulet)
HPRegen  0.08/turn              (no ring)
MPRegen  0.12/turn              (no ring)

@: very quick
A: very small, unfitting armour, see invisible, herbivore, speed 3, slow
metabolism 2
a: no special abilities


You were on level 3 of the Dungeon.
You were hungry.

You visited 1 branch of the dungeon, and saw 3 of its levels.

You collected 125 gold pieces.

Inventory:

Hand Weapons
 a - a +1 dagger (weapon)
Armour
 b - a +0 robe (worn)
Wands
 l - a wand of acid (7)
Scrolls
 c - a scroll of immolation {unknown}
 f - 6 scrolls of identify {unknown}
 g - a scroll of fog {unknown}
 h - 4 scrolls of teleportation {unknown}
 i - a scroll of remove curse {unknown}
 n - a scroll of blinking {unknown}
Potions
 e - 4 potions of curing {unknown}
 j - a potion of agility {unknown}
 k - a potion of resistance {unknown}
 m - 2 potions of lignification {unknown}
Comestibles
 d - 5 rations


   Skills:
 * Level 3.4 Short Blades
 - Level 3.0 Dodging
 + Level 5.4 Stealth
 + Level 3.6 Spellcasting
 * Level 5.4 Hexes


You had 5 spell levels left.
You knew the following spells:

 Your Spells              Type           Power        Failure   Level  Hunger
a - Corona                Hex            ###....      1%          1    None
b - Ensorcelled Hibernat  Hex/Ice        ##....       9%          2    ##.....
c - Confuse               Hex            ###.....     5%          3    ###....

Your spell library contained the following spells:

 Spells                   Type           Power        Failure   Level  Hunger
 Tukima's Dance           Hex            ###.....     5%          3    ###....
 Dazzling Spray           Conj/Hex       ##....       16%         3    ###....


Dungeon Overview and Level Annotations

Branches:
Dungeon (3/15)

Altars:
Dithmenos
Kikubaaqudgha
Trog


Innate Abilities, Weirdness & Mutations

You are very small and have problems with some larger weapons.
You are too small for most types of armour.
You have supernaturally acute eyesight. (SInv)
You are a herbivore.
You cover ground extremely quickly.
You need to consume almost no food.


Message History

There is an open door here.
A frilled lizard comes into view.
An orc comes into view. It is wielding a -1 trident.
An orc comes into view. It is wielding a +0 flail.
Found a stone staircase leading down.
You barely miss the frilled lizard. The frilled lizard misses you.
You hit the frilled lizard.
You kill the frilled lizard!
You see here a frilled lizard corpse.
You open the door.
A quokka, a giant cockroach and 5 orcs come into view.
An orc priest is wielding a +0 whip of venom.
The orc priest shouts!
The orc shouts! x2; You hear a shout!
The orc wizard shouts!
The orc wizard points at you and mumbles some strange words.
The puff of flame hits you!
The orc priest calls down the wrath of Beogh upon you.
Beogh smites you!
Ouch! That really hurt!
You die...

. ..## ...o. ##########
...oo.###........# #####
.r.o.o'@.........# #....
.....o###........# #....
......#..........# #....
##.o....)........# #....
............###'####....
.s...........†..........
. .....####..##.##......
..... ##.##.##......
##### #.##.##....##


You could see an orc priest, an orc wizard, 5 orcs, a quokka (wandering) and a
giant cockroach.

Vanquished Creatures
  A bullfrog zombie (D:2)
  2 orc priests (D:3)
  3 adders
  A shadow imp (D:3)
  2 worms (D:2)
  2 dart slugs
  A leopard gecko (D:3)
  7 orcs
  A giant cockroach (D:1)
  4 goblins
  4 hobgoblins
  A quokka (D:2)
  6 bats
  4 frilled lizards
  4 kobolds
  12 rats
55 creatures vanquished.

Notes
Turn   | Place    | Note
-------+----------+-------------------------------------------
     0 | D:1      | Andrea the Spriggan Enchanter began the quest for the Orb.
     0 | D:1      | Reached XP level 1. HP: 9/9 MP: 5/5
   654 | D:2      | Reached XP level 2. HP: 13/13 MP: 6/6
   658 | D:2      | Learned a level 2 spell: Ensorcelled Hibernation
   730 | D:2      | Reached XP level 3. HP: 16/16 MP: 8/8
   821 | D:2      | Found an ancient bone altar of Kikubaaqudgha.
   835 | D:2      | Found a faded altar of an unknown god.
   998 | D:2      | Found a shadowy altar of Dithmenos.
  1149 | D:2      | Learned a level 3 spell: Confuse
  1171 | D:2      | Reached skill level 5 in Stealth
  1171 | D:2      | Reached XP level 4. HP: 11/21 MP: 3/9
  1382 | D:2      | Noticed a moth of wrath
  1385 | D:2      | Found a bloodstained altar of Trog.
  2229 | D:3      | Reached skill level 5 in Hexes
  2405 | D:3      | Reached XP level 5. HP: 15/24 MP: 6/11
  2883 | D:3      | Killed from afar by an orc priest

Skill      XL: |  1  2  3  4 |
---------------+-------------+-----
Hexes          | 4 5 |  5.4
Short Blades   | 2 3 |  3.4
Spellcasting   | 3 |  3.6
Stealth        | 5 |  5.4
Dodging        | |  3.0

Action                   |  1- 3 |  4- 6 || total
-------------------------+-------+-------++-------
Melee: Dagger            |    67 |    66 ||   133
 Cast: Corona            |     1 |       ||     1
       Confuse           |     2 |       ||     2
       Ensorcelled Hiber |     1 |    16 ||    17
 Stab: Sleeping          |    12 |    14 ||    26
       Confused          |     2 |       ||     2
       Distracted        |     1 |       ||     1
Armor: Robe              |     2 |     3 ||     5
Dodge: Dodged            |    43 |    42 ||    85
